Map: Overgrown Facility

Players

CYLON - Winner!

  • Race: Zerg Zerg
  • League: Platinum
  • Spawn Location: 1:00

Priah - Winner!

  • Race: Terran Terran
  • League: Platinum
  • Spawn Location: 3:00

MonstroTown

  • Race: Terran Terran
  • Spawn Location: 9:00

Michael

  • Race: Zerg Zerg
  • Spawn Location: 7:00

VOD

Have the link to the VOD?

Description

Time

  • Played on: Aug. 19, 2018, 7:26 p.m.
  • Length: 10:27
Show
View Real Time Build Order
Export as new Build Order

CYLON Zerg - Winner!

Build Orders: Hatch First 

Get SALT Encoding   

  12  0:01  Drone  
  13  0:08  Drone  
  14  0:17  Overlord  
  14  0:36  Drone x3  
  17  0:47  Drone  
  18  0:58  Hatchery  
  18  0:59  Drone  
  18  1:03  Extractor  
  17  1:10  Drone  
  18  1:20  Spawning Pool  
  18  1:22  Drone  
  18  1:33  Drone  
  19  1:40  Overlord  
  19  1:52  Drone  
  20  2:03  Drone  
  21  2:13  Drone  
  21  2:14  Drone  
  21  2:15  Queen  
  23  2:18  Queen  
  23  2:22  Metabolic Boost  
  27  2:27  Extractor  
  26  2:32  Zergling x2  
  26  2:34  Zergling x2  
  26  2:35  Zergling x4  
  30  2:39  Spine Crawler  
  29  2:49  Zergling x4  
  31  2:58  Zergling x4  
  33  3:24  Zergling x6  
  33  3:26  Overlord  
  36  3:38  Overlord x2  
  36  3:46  Drone x3  
  36  3:47  Drone x2, Baneling Nest  
  32  4:33  Zergling x10  
  32  4:34  Zergling x8  
  40  4:41  Lair  
  40  4:42  Queen  
  40  4:45  Drone x2  
  42  5:09  Baneling  
  42  5:10  Baneling x4  
  42  5:11  Zergling x10  
  42  5:12  Zergling x10  
  42  5:13  Baneling x2  
  49  5:46  Zergling x8  
  49  5:47  Zergling x12  
  59  5:50  Overlord  
  45  6:26  Zergling x2  
  45  6:27  Zergling x12  
  45  6:28  Zergling x4  
  52  6:41  Drone x2  
  54  7:00  Spire  
  53  7:06  Drone x3  
  53  7:07  Drone x3  
  59  7:14  Pneumatized Carapace  
  59  7:16  Drone x2  
  59  7:18  Hatchery  
  60  7:27  Drone x2  
  60  7:28  Drone x2  
  60  7:29  Extractor  
  63  7:32  Zergling x4  
  63  7:33  Zergling x2  
  64  7:47  Zergling x4  
  64  7:48  Zergling x4  
  64  7:50  Zergling x4  
  53  7:59  Spine Crawler  
  53  8:00  Zergling x2  
  53  8:01  Zergling x8  
  52  8:07  Drone  
  52  8:08  Drone  
  50  8:34  Mutalisk x5  
  60  8:46  Mutalisk x3  
  64  8:48  Queen  
  56  9:22  Mutalisk x3  
  56  9:23  Mutalisk x3  
  68  9:25  Zergling x2  
  68  9:26  Zergling x4  
  71  9:32  Queen  
  71  9:35  Overlord  
  73  10:02  Zergling x2  
  73  10:03  Zergling x12  
  73  10:04  Zergling x4  
Show
View Real Time Build Order
Export as new Build Order

Priah Terran - Winner!

Build Orders: MMM Bio 

Get SALT Encoding   

  12  0:01  SCV  
  13  0:13  SCV  
  14  0:24  Supply Depot  
  14  0:25  SCV  
  15  0:30  Refinery  
  15  0:46  SCV  
  15  0:49  Barracks  
  16  0:58  SCV  
  17  1:10  SCV  
  18  1:21  Supply Depot  
  18  1:22  SCV  
  19  1:34  SCV  
  19  1:37  Factory  
  19  1:38  Marine  
  21  1:50  Orbital Command  
  21  1:57  Barracks Reactor  
  21  2:26  Command Center, Hellion  
  23  2:37  Marine x2  
  21  2:38  SCV  
  24  2:50  SCV  
  25  2:51  Factory Tech Lab  
  25  2:56  Marine x2  
  27  3:02  SCV  
  27  3:05  Starport  
  28  3:14  SCV, Marine  
  28  3:17  Refinery  
  28  3:19  Marine  
  31  3:26  Supply Depot  
  31  3:38  SCV  
  31  3:40  Supply Depot  
  32  3:42  Siege Tank  
  32  3:46  Marine x2  
  37  4:09  Marine x2  
  39  4:11  Medivac  
  39  4:13  Barracks  
  41  4:18  SCV x2  
  41  4:19  Barracks  
  43  4:27  Marine  
  43  4:30  SCV  
  41  4:42  Marine  
  41  4:43  Siege Tank  
  41  4:44  Marine  
  41  4:45  SCV x2  
  46  4:57  SCV  
  46  5:00  Marine  
  44  5:08  SCV, Barracks Reactor  
  44  5:09  SCV  
  44  5:10  Barracks Tech Lab  
  44  5:11  Starport Reactor  
  43  5:18  Refinery  
  43  5:20  SCV  
  44  5:21  SCV  
  44  5:25  Marine  
  44  5:26  Marine  
  47  5:29  Combat Shields  
  47  5:32  SCV  
  47  5:33  SCV  
  49  5:36  Marine  
  50  5:43  Marine x2  
  50  5:44  Marine  
  50  5:46  SCV x2  
  55  5:51  Supply Depot  
  55  5:53  Marine  
  55  5:56  Engineering Bay  
  56  5:59  Orbital Command  
  56  6:01  Marine x2  
  56  6:02  Marine x2  
  60  6:11  Marine  
  61  6:19  Marine x2  
  61  6:20  Marine x2  
  60  6:30  Marauder  
  58  6:37  Siege Tank, Medivac  
  58  6:38  Medivac  
  58  6:39  Marine x3  
  67  6:40  Marine  
  67  6:43  Engineering Bay, SCV  
  67  6:44  Supply Depot  
  70  6:48  Supply Depot  
  70  6:53  Terran Infantry Weapons Level 1  
  70  6:58  Stimpack  
  70  7:05  SCV x2  
  70  7:08  Refinery  
  71  7:17  SCV x2  
  71  7:22  Command Center  
  71  7:25  Missile Turret  
  71  7:28  Viking x2  
  71  7:29  SCV x2  
  75  7:42  Marine x2  
  75  8:11  Terran Infantry Armor Level 1  
  76  8:12  SCV  
  76  8:13  Armory, SCV  
  77  8:25  SCV x2  
  79  8:37  SCV x2  
  81  8:46  Marine x4  
  81  8:47  Siege Tank, Marauder  
  90  8:49  SCV x2  
  92  9:01  SCV x2  
  88  9:03  Marine  
  88  9:04  Marine x3  
  88  9:05  Medivac x2  
  88  9:08  Marauder  
  97  9:13  SCV x2  
  98  9:19  Siege Tank  
  98  9:21  Marine  
  101  9:24  Missile Turret  
  101  9:37  SCV x3, Supply Depot, Marine x4  
  108  9:45  Missile Turret  
  108  9:49  SCV  
  108  9:51  SCV  
  108  9:54  Marine  
  108  9:56  Marine  
  108  9:57  Marine  
Show
View Real Time Build Order
Export as new Build Order

MonstroTown Terran 

Build Orders:  

Get SALT Encoding   

  12  0:01  SCV  
  13  0:13  SCV  
  14  0:18  Supply Depot  
  14  0:25  SCV  
  15  0:40  SCV  
  15  0:41  Barracks  
  16  0:46  Refinery  
  16  0:55  SCV  
  17  1:07  SCV  
  18  1:14  Barracks  
  18  1:19  SCV  
  19  1:28  Refinery  
  19  1:29  Reaper  
  20  1:34  Orbital Command  
  20  2:02  Factory  
  20  2:09  SCV  
  21  2:18  Supply Depot  
  21  2:21  Barracks Reactor  
  21  2:22  Barracks Tech Lab  
  21  2:35  SCV  
  22  2:43  Marine  
  23  2:52  SCV  
  24  3:00  Factory Reactor  
  24  3:01  Marine  
  24  3:03  Starport  
  24  3:04  Stimpack  
  25  3:07  Supply Depot  
  25  3:10  SCV  
  26  3:13  Marine x2  
  27  3:21  Marauder  
  29  3:35  SCV  
  30  3:46  Widow Mine  
  30  3:47  Command Center  
  32  3:54  Barracks  
  25  4:03  Marine x2  
  25  4:04  Marauder  
  25  4:08  SCV  
  25  4:30  Marine  
  25  4:31  Marine  
  8  4:46  Marine  
  7  4:58  Marine  
  8  5:11  Orbital Command  
  8  5:12  SCV  
  9  5:20  Marine x2  
  13  5:21  Marauder  
  13  5:22  Widow Mine  
  13  5:24  SCV  
  13  5:27  Liberator  
  18  5:36  Widow Mine  
  21  6:00  Marine x2  
  21  6:01  Marauder  
  21  6:02  Widow Mine  
  24  6:17  Marine  
  21  6:24  Marine x2  
  20  6:39  SCV  
  21  7:17  Marine x2  
  21  7:18  Marauder  
  21  7:19  Widow Mine x2  
  29  7:29  SCV x2  
  31  7:35  Marine x2  
  33  7:39  Marauder  
  33  7:41  SCV  
  33  7:50  Widow Mine x2  
  37  7:53  Marine  
  37  8:01  Marauder  
  36  8:10  Marine  
  26  8:23  SCV x2  
  26  8:24  Marine x2  
  26  8:25  Widow Mine  
  28  8:49  Widow Mine x2, Marine x2  
  29  9:15  Marine x2  
  20  9:23  Widow Mine  
  20  9:24  Widow Mine, Medivac  
  24  9:30  SCV  
  24  9:31  SCV  
Show
View Real Time Build Order
Export as new Build Order

Michael Zerg 

Build Orders: Hatch First 

Get SALT Encoding   

  12  0:01  Drone  
  13  0:13  Overlord  
  13  0:18  Drone  
  14  0:31  Drone x2  
  14  0:35  Drone  
  17  0:54  Hatchery  
  17  0:56  Drone  
  17  1:00  Drone  
  18  1:04  Extractor  
  17  1:17  Spawning Pool  
  16  1:20  Drone  
  16  1:23  Drone  
  18  1:29  Drone  
  20  1:40  Drone  
  20  1:49  Overlord  
  20  2:05  Metabolic Boost  
  20  2:06  Queen  
  20  2:07  Queen  
  24  2:11  Zergling x2  
  24  2:14  Zergling x2  
  26  2:19  Drone  
  26  2:21  Drone  
  28  2:25  Drone  
  28  2:28  Drone  
  30  2:34  Drone  
  31  2:38  Drone  
  32  2:57  Drone  
  34  2:58  Drone  
  34  3:01  Drone  
  34  3:04  Hatchery  
  34  3:09  Spine Crawler  
  31  3:27  Zergling x6  
  31  3:28  Zergling x2  
  35  3:34  Roach Warren  
  35  3:36  Drone x2  
  35  3:39  Extractor, Overlord  
  35  3:40  Overlord  
  35  3:43  Drone  
  36  3:51  Lair  
  32  4:06  Zergling x6  
  32  4:07  Zergling x8  
  32  4:09  Zergling x2  
  40  4:15  Roach  
  42  4:17  Roach  
  42  4:20  Roach  
  42  4:23  Drone  
  47  4:28  Drone  
  48  4:31  Queen  
  48  4:37  Drone  
  48  4:38  Drone  
  50  5:17  Queen  
  50  5:18  Drone x4  
  50  5:20  Drone  
  57  5:24  Overlord  
  57  5:29  Overlord  
  57  5:34  Roach  
  50  5:43  Roach x4  
  50  5:46  Roach  
  50  5:49  Roach  
  60  5:53  Zergling x2  
  60  5:54  Zergling x4  
  60  5:55  Zergling x2  
  64  5:57  Zergling x2  
  63  6:04  Roach x2  
  63  6:05  Roach  
  69  6:18  Roach x2  
  73  6:20  Overlord x3  
  68  6:34  Roach  
  68  6:35  Roach x2  
  68  6:37  Glial Reconstitution  
  74  6:44  Drone x3, Evolution Chamber  
  74  6:46  Evolution Chamber  
  75  6:51  Drone x4  
  79  6:56  Extractor  
  79  6:57  Extractor  
  79  6:58  Spore Crawler  
  79  6:59  Drone, Spore Crawler  
  79  7:00  Drone x2  
  78  7:13  Hydralisk Den  
  78  7:14  Zerg Missile Weapons Level 1  
  78  7:15  Spore Crawler  
  76  7:17  Zerg Ground Armor Level 1  
  76  7:25  Roach x3  
  82  7:32  Roach x3  
  86  7:48  Roach x3  
  86  7:50  Roach  
  82  7:52  Zergling x12  
  86  8:05  Roach x3  
  78  8:21  Hydralisk  
  78  8:27  Drone x4  
  82  8:28  Drone x3  
  82  8:29  Drone x2  
  89  8:45  Roach x3  
  89  8:46  Roach  
  89  8:47  Overlord  
  97  8:53  Drone  
  66  9:13  Roach x2  
  66  9:14  Roach x6  
  82  9:27  Drone x4  
  82  9:30  Extractor  
  85  9:32  Extractor  
  85  9:33  Spine Crawler  
  85  9:34  Drone x2  
  85  9:35  Drone x6, Spore Crawler  
  85  9:36  Drone  
  91  9:40  Roach  
  93  9:46  Spore Crawler  
  93  9:48  Spore Crawler  
  93  9:51  Spore Crawler  
  88  9:52  Spore Crawler  
  88  9:54  Hydralisk x4, Spore Crawler  
  88  9:55  Hydralisk x2  
  88  9:57  Spore Crawler  
Tags
 
Add a new tag
Caveats
  • Supply blocks, unpowered buildings, or Contaminate may cause inaccurate times.
  • Supply counts are checked every 10 seconds.